Unix xNetHack Version 7.1.0 - last build Dec 11 2022 15:18:36 (91bc4d2507b4b34ac92889b06d50a936f6bde808). Game began 2022-12-29 23:07:53, ended 2022-12-30 07:09:55. UristMcRaven, chaotic female elven Wizard -------- ------ ---------------- |......| |....| #...............| |......| |....| #|......(.......|# |......| |....| ####|...^..........|# |....... --|-.- # -----|----------# |...@Q.| # # # ### # -----.-- # # ## # # # # # ## # # # # # ## ---.--- # # -.-.--- ## |.....| ### ############# |......######### |.....| # ###### |.....| # #####|...<.| #----.----+--- |...{.| # #|{.....######|............ |....~.## #......| #-..^...^..... ------- ------- #|.....^...... #+............ ------------ UristMcRaven the Magician St:12 Dx:12 Co:16 In:20 Wi:16 Ch:8 Chaotic Dlvl:16 $:0 HP:0(63) Pw:116(118) AC:3 Xp:10/6608 T:15203 Burdened Latest messages: You are caught in a bear trap. You are caught in a bear trap. You are caught in a bear trap. You are caught in a bear trap. You are caught in a bear trap. You are caught in a bear trap. You are caught in a bear trap. You are caught in a bear trap. Your leg feels better. You are caught in a bear trap. You are caught in a bear trap. You finally wriggle free. A bear trap closes on your foot! You are caught in a bear trap. You are caught in a bear trap. You are caught in a bear trap. You are caught in a bear trap. You are caught in a bear trap. You are caught in a bear trap. You finally wriggle free. A bear trap closes on your foot! You are caught in a bear trap. You are caught in a bear trap. A lit field surrounds you! You are caught in a bear trap. You are caught in a bear trap. You finally wriggle free. In what direction? You kill the soldier ant! The magic missile bounces! Your leg feels better. You hear bubbling water. The lieutenant swings his broadsword. The lieutenant slashes you! You recoil from the touch of iron! The lieutenant swings his broadsword. The lieutenant gashes you! You recoil from the touch of iron! The lieutenant swings his broadsword. The lieutenant rends you! You recoil from the touch of iron! The lieutenant swings his broadsword. The lieutenant slashes you! You recoil from the touch of iron! You die... Do you want your possessions identified? [ynq] (y) Do you want to see your attributes? [ynq] (y) Do you want an account of creatures vanquished? [ynaq] (y) Do you want to see your conduct and achievements? [ynq] (y) Do you want to see the dungeon overview? [ynq] (y) Major events: Turn 1: UristMcRaven the chaotic female elven Wizard entered the dungeon 376: attained the rank of Conjurer (level 3) 1135: entered the Gnomish Mines 2074: attained the rank of Thaumaturge (level 6) 5398: reached Mine Town 5642: chose an elven dagger to be named "Sting" 7561: entered Sokoban 9991: completed sokoban 1 10551: completed sokoban 2 11171: completed sokoban 3 12050: attained the rank of Magician (level 10) 15203: killed by a lieutenant Inventory: Inventory: 861/750 weight (19/52 slots) Weapons (')') l - the uncursed +0 Sting (weapon in hand) {10} Armor ('[') b - an uncursed burnt +0 cloak of magic resistance (being worn) {8} k - a blessed +1 leather jacket (being worn) {23} m - an uncursed +0 elven shield (being worn) {30} n - an uncursed +0 elven helm (being worn) {3} U - an uncursed +1 pair of speed boots (being worn) {15} Comestibles ('%') y - an uncursed lizard corpse {10} E - 3 uncursed food rations {60} Scrolls ('?') F - 2 uncursed scrolls of enchant armor {10} Wands ('/') o - an uncursed wand of teleportation (0:7) {7} L - an uncursed wand of sleep (0:4) {7} M - an uncursed wand of teleportation (0:6) {7} Tools ('(') e - an uncursed credit card {1} p - an uncursed stethoscope {4} r - an uncursed plastic bag of holding containing 68 items {631} u - an empty uncursed sack {15} x - an uncursed copper lock pick {4} H - an uncursed gold bugle {14} R - an uncursed blindfold {2} Contents of the plastic bag of holding: 1605 gold pieces a cursed platinum amulet of restful sleep 22 uncursed +0 mithril darts a blessed +5 mithril dagger an uncursed +0 mithril dagger an uncursed +0 elven dagger an uncursed +0 mummy wrapping 3 uncursed slime molds 2 uncursed bananas an uncursed candy bar labeled "EAT ME" 2 uncursed carrots 13 uncursed food rations an uncursed lembas wafer an uncursed pancake 2 uncursed tripe rations an uncursed egg an uncursed lizard corpse an uncursed scroll of amnesia an uncursed scroll of charging an uncursed scroll of create monster 2 blessed scrolls of earth a blessed scroll of enchant armor an uncursed scroll of enchant armor an uncursed scroll of enchant weapon 8 uncursed scrolls of identify a cursed scroll of identify 3 uncursed scrolls of light an uncursed scroll of magic mapping an uncursed scroll of remove curse an uncursed scroll of scare monster an uncursed scroll of taming an uncursed scroll of teleportation an uncursed spellbook of detect monsters a blessed spellbook of force bolt a blessed spellbook of magic missile an uncursed spellbook of sleep an uncursed wand of create monster (0:12) an uncursed wand of digging (0:5) an uncursed wand of digging (0:4) an uncursed wand of magic missile (0:5) an uncursed wand of magic missile (0:5) an uncursed wand of magic missile (0:1) an uncursed wand of slow monster (0:4) an uncursed wand of speed monster (0:5) an uncursed wand of striking (0:7) an uncursed wand of striking (0:6) an uncursed wand of undead turning (0:7) an uncursed ring of free action an uncursed ring of free action an uncursed -2 ring of increase damage an uncursed ring of invisibility an uncursed ring of shock resistance 2 blessed potions of booze 3 uncursed potions of booze an uncursed potion of confusion an uncursed potion of gain energy a blessed potion of healing an uncursed potion of healing 2 uncursed potions of invisibility a cursed potion of paralysis an uncursed potion of polymorph an uncursed potion of water a cursed lantern a cursed oil lamp an uncursed +0 mithril pick-axe an uncursed skeleton key an uncursed towel an uncursed touchstone UristMcRaven the Wizard's attributes: Background: You were a Magician, a level 10 female elven Wizard. You were chaotic, on a mission for Anhur who was opposed by Ptah (lawful) and Thoth (neutral). You were heterosexual. You were in the Dungeons of Doom, on level 16. You entered the dungeon 15203 turns ago. You had 6608 experience points, 3392 more were needed to attain level 11. Basics: You had 0 out of 63 hit points. You had 116 out of 118 energy points (spell power). Your armor class was 3. Your wallet was empty. Autopickup was on for '$"=/!?+' plus thrown, with exceptions. Final Characteristics: Your strength was 12 (limit:18). Your dexterity was 12 (peak:15, limit:18). Your constitution was 16 (limit:16). Your intelligence was 20 (limit:20). Your wisdom was 16 (limit:20). Your charisma was 8 (limit:18). Final Status: You were not hungry. You were burdened; movement was slightly slowed. You were wielding a dagger. You were unskilled in dagger. Final Attributes: You were piously aligned. You were magic-protected. You were fire resistant. You were sleep resistant. You were aware of the presence of orcs. You had infravision. You were warded. You were harmed by iron. You were very fast. You are dead. Miscellaneous: You disabled loading of bones levels. Total elapsed playing time was 3 hours, 47 minutes and 29 seconds. Vanquished creatures: 2 stalkers a giant zombie 5 wargs a winter wolf 3 small mimics a glass piercer 2 xans a troll 2 wood golems a gelatinous cube a freezing sphere a flaming sphere 2 tigers a gargoyle a tengu an ochre jelly a leocrotta 4 stone giants an amorous demon 2 giant beetles a quivering blob 2 wolves 4 winter wolf cubs a lynx a leprechaun an iron piercer a black light a gnome ruler a Green-elf 2 rust monsters 2 yetis a gold golem 5 werewolves 3 lizards a jaguar a dwarf leader 2 blue jellies a water nymph a dust vortex a raven a plains centaur 9 human zombies a rope golem 2 soldier ants 2 fire ants a quasit 2 wood nymphs 5 Uruk-hai 2 rock piercers 2 fog clouds 6 yellow lights 11 gnome leaders 3 gnomish wizards a kobold mummy a golden naga hatchling 3 gray oozes 2 ghouls 2 straw golems a paper golem 2 giant ants 2 little dogs a floating eye 17 dwarves 2 kobold leaders 3 hill orcs 2 rothes 4 rabid rats a giant bat 7 monkeys an orc zombie 4 dwarf zombies a wererat a werejackal 3 iguanas 2 killer bees 3 acid blobs 57 gas spores 7 hobbits a hobgoblin a giant rat 6 cave spiders 3 brown molds 4 yellow molds a red mold 56 gnomes 14 garter snakes a gnome zombie 4 geckos 5 jackals 2 kobolds 5 goblins 2 grid bugs a bat 9 lichens 5 newts 364 creatures vanquished. No species were genocided or became extinct. Voluntary challenges: You read items or engraved 30 times. You never genocided any monsters. You never polymorphed an object. You never changed form. You used no wishes. You never owned a pet. You never scared an enemy with impunity. You were celibate. You never generated conflict. You did not violate any of the special Sokoban rules. Achievements: You attained the rank of Conjurer. You entered a shop. You entered the Gnomish Mines. You attained the rank of Thaumaturge. You entered Minetown. You entered a temple. You entered Sokoban. You attained the rank of Magician. The Dungeons of Doom: levels 1 to 16 Level 1: A fountain, a sink. Level 2: A tree. Level 3: A bookstore, a fountain. Level 4: "vault tp" Stairs down to The Gnomish Mines. Level 5: A fountain. Level 6: Level 7: A tool shop, a fountain. Level 8: Many fountains. Oracle of Delphi. Level 9: "vault tp" A fountain. Stairs up to Sokoban, level 8. Level 10: Some fountains. Level 11: "vault tp" Some fountains. Level 12: Level 13: A fountain, a grave. Level 14: "vault tp" A temple. Level 15: Some fountains. Summoned by Neferet the Green. Level 16: <- You were here. A fountain, a sink. Final resting place for you, killed by a lieutenant. The Gnomish Mines: levels 5 to 12 Level 5: Level 6: Level 7: Level 8: Many shops, a temple, some fountains. Level 9: Level 10: Level 11: Level 12: Sokoban: levels 8 up to 5 Level 5: Unsolved. Level 6: Solved. Level 7: Solved. Level 8: Solved. Game over: __________ / \ / REST \ / IN \ / PEACE \ / \ | UristMcRaven | | 1605 Au | | killed by a | | lieutenant | | | | | | 2022 | *| * * * | * _________)/\\_//(\/(/\)/\//\/|_)_______ Goodbye UristMcRaven the Wizard... You died in The Dungeons of Doom on dungeon level 16 with 28697 points, and 1605 pieces of gold, after 15203 moves. You were level 10 with a maximum of 63 hit points when you died.